Map: Catalyst LE

Players

Harstem - Winner!

  • Race: Protoss Protoss
  • Spawn Location: 11:00

Seither

  • Race: Terran Terran
  • Spawn Location: 5:00

Event: WCS Valencia 2018

VOD

Have the link to the VOD?

Description

Time

  • Played on: July 12, 2018, 1:32 p.m.
  • Length: 13:05

All games in this series

Show
View Real Time Build Order
Export as new Build Order

Harstem Protoss - Winner!

Build Orders: 1 Gate Expand, Oracle Opening 

Get SALT Encoding   

  12  0:02  Probe  
  13  0:14  Probe  
  13  0:18  Pylon  
  14  0:26  Probe  
  15  0:35  Probe  
  15  0:36  Gateway  
  16  0:43  Probe  
  17  0:52  Assimilator  
  17  0:53  Probe  
  18  1:05  Probe  
  19  1:17  Probe  
  20  1:23  Cybernetics Core  
  20  1:37  Nexus  
  20  1:40  Probe  
  20  1:46  Pylon  
  21  1:52  Probe  
  22  1:55  Adept  
  22  2:05  Probe  
  22  2:07  Assimilator  
  25  2:13  Adept  
  25  2:17  Probe  
  29  2:30  Probe  
  29  2:35  Stargate  
  28  2:39  Adept  
  28  2:42  Probe  
  31  2:54  Warp Gate, Probe  
  31  2:55  Probe  
  33  3:06  Probe  
  33  3:07  Probe  
  33  3:08  Oracle  
  35  3:18  Probe  
  40  3:20  Probe  
  40  3:30  Probe  
  40  3:32  Probe  
  42  3:42  Probe  
  42  3:44  Probe  
  42  3:47  Pylon  
  44  3:53  Oracle  
  46  4:02  Pylon  
  46  4:05  Probe x2  
  48  4:12  Gateway  
  48  4:13  Gateway, Nexus  
  48  4:16  Pylon  
  48  4:17  Probe  
  48  4:18  Probe  
  50  4:25  Probe  
  50  4:26  Probe  
  52  4:31  Pylon  
  52  4:33  Probe  
  52  4:34  Probe, Assimilator  
  52  4:36  Assimilator  
  53  4:40  Twilight Council  
  53  4:43  Probe  
  55  4:46  Forge  
  55  4:47  Probe  
  56  4:55  Probe  
  56  4:59  Probe  
  58  5:07  Sentry  
  58  5:08  Blink, Probe  
  58  5:09  Gateway  
  58  5:10  Protoss Ground Weapons Level 1  
  58  5:11  Probe  
  58  5:12  Gateway  
  62  5:20  Probe  
  60  5:23  Probe  
  60  5:26  Probe  
  60  5:27  Sentry  
  64  5:31  Gateway  
  64  5:32  Sentry, Probe  
  68  5:36  Oracle  
  68  5:37  Sentry, Shield Battery  
  70  5:44  Probe  
  70  5:45  Shield Battery  
  70  5:47  Probe  
  70  5:48  Probe  
  75  5:53  Stalker  
  75  5:56  Probe  
  78  5:59  Probe  
  78  6:00  Probe  
  78  6:01  Stalker  
  78  6:03  Stalker  
  84  6:11  Stalker x2  
  84  6:13  Pylon  
  89  6:19  Stalker, Pylon  
  89  6:22  Shield Battery  
  90  6:27  Pylon  
  90  6:29  Pylon  
  90  6:32  Robotics Facility  
  90  6:33  Probe, Pylon  
  90  6:36  Probe  
  90  6:37  Stalker  
  94  6:43  Stalker x2  
  98  6:51  Stalker x3  
  104  6:54  Probe  
  104  6:56  Assimilator  
  104  6:58  Pylon  
  104  7:00  Probe  
  106  7:02  Pylon  
  106  7:09  Stalker x2  
  106  7:11  Assimilator  
  110  7:15  Pylon  
  110  7:19  Robotics Bay  
  110  7:21  Zealot x3  
  116  7:25  Stalker  
  116  7:32  Stalker x2  
  114  7:45  Protoss Ground Armor Level 1, Probe  
  114  7:47  Zealot x3  
  114  7:48  Probe  
  114  7:50  Pylon, Probe  
  123  7:55  Stalker x3  
  126  8:02  Probe  
  120  8:05  Probe  
  120  8:06  Probe  
  120  8:11  Disruptor  
  122  8:16  Stalker x2  
  122  8:17  Probe  
  122  8:19  Pylon  
  125  8:21  Probe  
  125  8:24  Photon Cannon  
  129  8:28  Stargate  
  129  8:30  Zealot, Stalker  
  129  8:32  Charge  
  131  8:35  Disruptor  
  134  8:54  Probe  
  135  8:59  Photon Cannon  
  135  9:00  Pylon  
  135  9:02  Shield Battery, Disruptor  
  133  9:10  Probe  
  133  9:11  Zealot x5  
  133  9:12  Zealot  
  133  9:14  Probe  
  150  9:25  Forge  
  150  9:29  Disruptor  
  150  9:43  Probe  
  150  9:45  Nexus  
  154  9:49  Robotics Facility  
  152  9:57  Stalker x6  
  164  10:04  Disruptor  
  164  10:10  Pylon, Protoss Ground Weapons Level 2, Protoss Ground Armor Level 2  
  164  10:13  Pylon  
  161  10:15  Pylon  
  161  10:20  Pylon  
  160  10:22  Zealot x2  
  164  10:30  Zealot x2  
  164  10:31  Zealot x2  
  172  10:35  Disruptor  
  175  10:44  Disruptor  
  175  10:45  Dark Shrine  
  174  10:57  Zealot x2  
  174  10:58  Zealot x4  
  177  11:06  Pylon  
  177  11:08  Disruptor  
  177  11:10  Disruptor  
  177  11:21  Nexus  
  181  11:27  Pylon  
  181  11:32  Stalker x4  
  185  11:33  Stalker  
  187  11:50  Stalker  
  187  11:55  Stalker x4  
  187  11:56  Stalker  
  197  12:02  Disruptor  
  198  12:13  Dark Templar  
  184  12:20  Stalker x5  
  186  12:28  Probe  
  181  12:59  Stalker x6  
Show
View Real Time Build Order
Export as new Build Order

Seither Terran 

Build Orders: Cyclone Opening, Gas First Reaper Expand, Reaper Expand, MMM Bio 

Get SALT Encoding   

  12  0:00  SCV  
  13  0:13  SCV  
  14  0:17  Supply Depot  
  14  0:25  SCV  
  15  0:29  Refinery  
  15  0:39  SCV  
  16  0:44  Barracks  
  16  0:51  SCV  
  17  1:03  SCV  
  18  1:15  SCV  
  19  1:31  Orbital Command  
  19  1:32  Reaper  
  20  1:44  Command Center  
  20  1:55  Factory  
  20  1:59  SCV  
  21  2:07  Barracks Reactor  
  21  2:13  SCV  
  22  2:15  Bunker  
  22  2:20  Supply Depot  
  22  2:25  SCV  
  23  2:33  Refinery  
  23  2:42  SCV  
  23  2:43  Barracks  
  24  2:54  Cyclone  
  27  3:00  Marine x2  
  27  3:01  SCV  
  30  3:08  Orbital Command  
  30  3:13  SCV  
  30  3:22  Marine x2  
  31  3:31  SCV  
  31  3:33  Barracks Tech Lab  
  31  3:34  Widow Mine  
  34  3:39  SCV  
  35  3:42  Marine x2  
  35  3:43  SCV  
  38  3:48  Supply Depot  
  38  3:51  SCV  
  38  3:52  Marine  
  38  3:55  SCV  
  41  4:01  Stimpack, Marine x2  
  42  4:05  SCV  
  42  4:07  SCV  
  44  4:11  Factory Tech Lab  
  44  4:12  Barracks  
  44  4:16  Marine  
  45  4:17  SCV  
  46  4:25  SCV  
  46  4:29  SCV, Engineering Bay  
  46  4:30  Supply Depot  
  48  4:33  Marine x2  
  48  4:37  SCV  
  51  4:42  Factory Reactor  
  51  4:43  SCV  
  51  4:44  Starport  
  52  4:47  Marine  
  52  4:50  Marine  
  52  4:52  Marine  
  55  4:55  Supply Depot  
  55  4:59  SCV x2  
  57  5:00  Refinery  
  57  5:07  Marine  
  57  5:08  Marine  
  57  5:11  Terran Infantry Weapons Level 1  
  57  5:13  Supply Depot, SCV x2  
  61  5:15  Combat Shields  
  61  5:25  SCV x2  
  63  5:28  Marine  
  63  5:29  Marauder x2  
  63  5:35  Factory Reactor  
  68  5:37  SCV  
  68  5:38  SCV  
  68  5:40  Medivac x2  
  74  5:46  Supply Depot  
  74  5:48  Supply Depot, Marine x2  
  74  5:49  SCV  
  77  5:50  SCV  
  78  6:07  Concussive Shells  
  78  6:08  SCV x2, Marine x2, Marauder x2  
  78  6:09  Supply Depot  
  86  6:14  Medivac x2  
  86  6:15  Widow Mine x2  
  86  6:18  Supply Depot  
  94  6:26  Marine x2  
  94  6:30  Marauder x2  
  100  6:33  Supply Depot  
  100  6:39  Command Center  
  100  6:54  Barracks  
  100  6:56  Barracks  
  100  6:58  Marine x2  
  100  6:59  Marauder x2  
  100  7:00  Widow Mine x2  
  107  7:03  Refinery  
  107  7:05  SCV x2  
  109  7:10  Medivac x2  
  113  7:16  Supply Depot  
  113  7:17  SCV x2  
  113  7:21  Marine  
  113  7:22  Marine, Marauder  
  115  7:35  Terran Infantry Armor Level 1, Marauder  
  109  7:43  Marauder  
  111  7:44  Barracks Tech Lab  
  111  7:45  Widow Mine x2, Barracks Reactor, Medivac  
  111  7:50  SCV x2  
  117  8:00  Marine x2, Marauder  
  117  8:03  Armory  
  117  8:04  Engineering Bay  
  117  8:05  Marauder  
  118  8:06  Orbital Command  
  118  8:07  SCV x2  
  120  8:17  Medivac, Marauder  
  117  8:22  Marauder  
  117  8:26  Widow Mine x2, Ghost Academy  
  123  8:28  Refinery  
  123  8:31  SCV x2  
  123  8:32  Refinery  
  123  8:35  Marauder  
  125  8:44  Marine x2  
  125  8:45  SCV, Marauder x2  
  125  8:46  SCV x2  
  134  8:49  Supply Depot  
  134  8:51  Supply Depot  
  131  9:04  Ghost  
  131  9:05  Ghost x2, Marine x2  
  131  9:09  SCV  
  138  9:10  SCV x2  
  138  9:12  Terran Infantry Weapons Level 2, Supply Depot  
  138  9:14  Supply Depot  
  140  9:21  Marine x2  
  140  9:23  SCV x2  
  140  9:24  SCV  
  145  9:32  Ghost  
  145  9:33  Medivac x2  
  145  9:35  Supply Depot  
  145  9:37  Supply Depot  
  151  9:42  Ghost  
  151  9:43  Marine x2  
  155  9:46  Liberator  
  155  9:58  Liberator, Command Center, Marine  
  155  9:59  Marauder  
  157  10:02  Marauder  
  155  10:14  Ghost  
  155  10:19  Ghost  
  162  10:25  Barracks  
  162  10:26  Barracks  
  162  10:28  Barracks  
  162  10:31  Marine x2, Marauder  
  160  10:39  Marine x2  
  160  10:42  Widow Mine x2, Supply Depot  
  166  10:43  Marauder  
  166  10:44  Starport  
  166  10:45  Fusion Core  
  166  10:49  Marauder  
  170  10:53  Marauder  
  169  11:04  Marine x2  
  169  11:05  Marauder  
  169  11:10  Marauder  
  174  11:12  Factory Tech Lab  
  174  11:15  Missile Turret  
  174  11:17  Barracks Tech Lab x2, Barracks Reactor  
  174  11:25  Missile Turret  
  174  11:35  Liberator x2  
  174  11:37  Liberator  
  154  11:51  Marine x2  
  154  11:52  Marauder x2  
  142  12:02  Marine x3, Marauder  
  142  12:03  Marauder x2  
  133  12:17  Marine x2, Marauder  
  133  12:18  Marauder  
  133  12:21  Marine x4  
  137  12:24  Marauder x3  
  134  12:39  Marine x2, Marauder x2  
  140  12:46  Marine  
Tags
 
Add a new tag
Caveats
  • Supply blocks, unpowered buildings, or Contaminate may cause inaccurate times.
  • Supply counts are checked every 10 seconds.